 Dungeon Crawl Stone Soup version 0.30-a0-12-gd8047c6341 (webtiles) character file.

Game seed: 3965109048451018965

1571 ytrimaz the Transmogrifier (level 8, -4/54 HPs)
             Began as a Demonspawn Transmuter on Aug 23, 2022.
             Was an Initiate of Ashenzari.
             Slain by an orc warrior
             ... wielding a +0 mace
              (12 damage)
             ... on level 8 of the Dungeon.
             The game lasted 00:13:41 (9528 turns).

ytrimaz the Transmogrifier (Demonspawn Transmuter)  Turns: 9528, Time: 00:13:42

Health: -4/54      AC:  6    Str: 18    XL:     8   Next: 59%
Magic:  0/11       EV: 11    Int: 16    God:    Ashenzari [......]
Gold:   243        SH:  5    Dex: 13    Spells: 4/11 levels left

rFire   . . .      SeeInvis +      - Unarmed
rCold   . . .      Faith    .    (no shield)
rNeg    . . .      Spirit   +    A - +3 leather armour of the Yeti {SInv}
rPois   .          Reflect  +    (helmet currently unavailable)
rElec   .          Harm     .    (no cloak)
rCorr   .          Rampage  .    (no gloves)
Will    .....                    (boots currently unavailable)
Stlth   +.........               c - amulet of reflection
HPRegen 0.18/turn                r - ring of wizardry
MPRegen 0.24/turn                y - +6 ring of strength

@: about to teleport, appendages
A: talons 2, horns 1, foul stench 2, magic shield, magic regeneration
a: End Transformation, Renounce Religion, Curse Item


You were on level 8 of the Dungeon.
You worshipped Ashenzari.
Ashenzari was noncommittal.
You had temporarily grown beastly talons.
You visited 2 branches of the dungeon, and saw 9 of its levels.

You collected 279 gold pieces.
You spent 36 gold pieces at shops.

Inventory:

Armour
 a - a +0 robe
 f - a +0 kite shield
 k - a +1 ring mail of poison resistance
 u - a +0 scale mail of positive energy
 A - the +3 leather armour of the Yeti (worn) {SInv}
   (You found it on level 6 of the Dungeon)

   SInv:      It lets you see invisible.
Jewellery
 c - an amulet of reflection (around neck)
 r - a ring of wizardry (left hand)
 y - a +6 ring of strength (right hand)
Wands
 e - a wand of polymorph (4)
 n - a wand of paralysis (28)
Scrolls
 d - 2 scrolls of noise
 i - a scroll of silence
 l - a scroll of teleportation
 o - a scroll of amnesia
 C - 2 scrolls of enchant weapon
Potions
 b - a potion of lignification
 g - 2 potions of berserk rage
 h - 2 potions of invisibility {unknown}
 m - a potion of cancellation {unknown}
 p - 2 potions of mutation
 q - a potion of resistance
 s - 2 potions of haste
 t - a potion of magic {unknown}
 v - a potion of might
 w - 2 potions of heal wounds {unknown}
 x - a potion of attraction {unknown}


   Skills:
 - Level 1.0 Fighting
 - Level 1.7 Dodging
 - Level 3.1 Unarmed Combat
 - Level 2.0 Spellcasting
 * Level 10.0 Transmutations
 - Level 0.1 Earth Magic


You had 4 spell levels left.
You knew the following spells:

 Your Spells              Type           Power      Damage    Failure   Level
a - Beastly Appendage     Tmut           66%        N/A       1%          1
b - Wereblood             Tmut           33%        N/A       1%          2
c - Petrify               Tmut/Erth      17%        N/A       12%         4

Your spell library contained the following spells:

 Spells                   Type           Power      Damage    Failure   Level
 Spider Form              Tmut/Pois      17%        N/A       4%          3
 Ice Form                 Ice/Tmut       17%        N/A       12%         4
 Ensorcelled Hibernation  Hex/Ice        2%         N/A       16%         2
 Sublimation of Blood     Necr           1%         N/A       16%         2
 Leda's Liquefaction      Hex/Erth       0%         N/A       65%         4
 Irradiate                Conj/Tmut      8%         3d14      32%         5
 Eringya's Noxious Bog    Tmut/Pois      8%         N/A       86%         6
 Statue Form              Tmut/Erth      11%        N/A       86%         6
 Lee's Rapid Deconstruct  Erth           1%         3d5*      92%         5
 Ozocubu's Refrigeration  Ice            0%         4d7       100%        7
 Summon Hydra             Summ           0%         N/A       100%        7


Dungeon Overview and Level Annotations

Branches:
Dungeon (9/15)             Temple (1/1) D:4
   Lair: D:8-11         Orc: D:9-12

Altars:
Ashenzari
Fedhas
Hepliaklqana
Kikubaaqudgha
Makhleb
Nemelex Xobeh
Okawaru
Ru
Trog
Uskayaw
Vehumet
Yredelemnul

Shops:
D:1 ?[   D:2 **   D:6 ?::

Annotations:
D:4 2 runed translucent doors, Jeffwins's ghost, amateur HuWn
D:5 1 runed translucent door, siradein's ghost, novice DsFi


Innate Abilities, Weirdness & Mutations

You have temporarily grown beastly talons.
You have a pair of small horns on your head.
You sometimes emit foul miasma when damaged in melee.
When hurt, damage is shared between your health and your magic reserves.
You regenerate magic rapidly.


Message History

The orc priest is moderately wounded.
The orc priest barely misses you. The orc warrior barely misses you.
You hit the orc priest but do no damage.
Your headbutt misses the orc priest.
The orc priest is moderately wounded.
You block the orc priest's attack.
You closely miss the orc priest.
The orc priest is lightly wounded.
An orc priest comes into view. It is wielding a +0 falchion.
The orc priest hits you with a +0 whip.
You emit a cloud of foul miasma!
You block the orc warrior's attack.
You hit the orc priest. Your headbutt misses the orc priest.
The orc priest is moderately wounded.
The orc priest is engulfed in dark miasma.
The orc priest is poisoned.
You kill the orc priest!
The orc warrior hits you with a +0 mace!
* * * LOW HITPOINT WARNING * * *
Your Transmutations skill increases to level 10!
The orc warrior attacks as you move away!
You block the orc warrior's attack.
You closely miss the orc warrior.
You claw the orc warrior, but do no damage.
Your headbutt misses the orc warrior. You block the orc warrior's attack.
You hit the orc warrior. Your kick misses the orc warrior.
The orc warrior is lightly wounded.
The orc warrior hits you with a +0 mace!
* * * LOW HITPOINT WARNING * * *
You emit a cloud of foul miasma!
Unknown command.
Unknown command.
You feel better.
The orc warrior is engulfed in dark miasma.
The orc warrior is poisoned.
Unknown command.
Unknown command.
As you read the scroll of teleportation, it crumbles to dust.
You feel strangely unstable.
The orc warrior hits you with a +0 mace!
You die...

#.#.# #.#
#.#.#######.#
#............
###.######..# #.#
######.###
#.....)○.#
.....##.#o#
.#.#.##o#@# #
#.#....#.# .
#.#.#.##.#.#
...##.#.#......#
...............#
.........o....##
......#.#o##........
##### #.#.##.###....
..#.##.# ###


You could see an orc warrior (poisoned).

Vanquished Creatures
  Prince Ribbit (D:5)
  Grinder (D:5)
  2 black bears
  2 ogres
  A bullfrog (D:6)
  A necrophage (D:4)
  Blork the orc (D:6)
  2 scorpions (D:4)
  A hound (D:4)
  An orc priest (D:8)
  A gnoll bouda (D:6)
  3 jellies
  3 iguanas (D:5)
  A hound skeleton (D:4)
  12 gnolls
  5 adders
  2 white imps
  2 ufetubi (D:5)
  A worm (D:4)
  3 dart slugs
  5 orcs (D:3)
  6 ball pythons
  9 bats
  9 endoplasms
  5 giant cockroaches
  3 hobgoblins (D:3)
  3 frilled lizards
  4 goblins
  3 kobolds
  10 rats
103 creatures vanquished.

Notes
Turn   | Place    | Note
-------+----------+-------------------------------------------
     0 | D:1      | ytrimaz the Demonspawn Transmuter began the quest for the
                  | Orb.
     0 | D:1      | Reached XP level 1. HP: 15/15 MP: 3/3
    22 | D:1      | Found Dillut's Armour Emporium.
   184 | D:1      | Reached skill level 2 in Transmutations
   454 | D:1      | Gained mutation: You may rarely emit foul miasma when
                  | damaged in melee. [demonic ancestry]
   454 | D:1      | Reached XP level 2. HP: 21/21 MP: 1/5
   491 | D:1      | Found Oklelaef's Magic Scroll Emporium.
  1301 | D:2      | Found Mostunun's Assorted Antiques.
  1357 | D:2      | Bought a scroll labelled OSALIREBLI for 19 gold pieces
  1357 | D:2      | Bought a fizzy orange potion for 17 gold pieces
  1437 | D:2      | Found a sparkling altar of Nemelex Xobeh.
  1474 | D:2      | Found Eloi's Assorted Antiques.
  1724 | D:2      | Learned a level 2 spell: Wereblood
  1794 | D:2      | Reached XP level 3. HP: 17/26 MP: 4/6
  1984 | D:2      | Found a faded altar of an unknown god.
  2241 | D:2      | Reached skill level 3 in Transmutations
  2247 | D:2      | HP: 1/26 [poisoned by an adder]
  3142 | D:3      | Gained mutation: You sometimes emit foul miasma when
                  | damaged in melee. [demonic ancestry]
  3142 | D:3      | Reached XP level 4. HP: 32/32 MP: 5/7
  3683 | D:3      | Got the Grimoire of Amorphous Firn
  3915 | D:4      | Noticed a black bear
  3922 | D:4      | Learned a level 4 spell: Petrify
  3936 | D:4      | Killed a black bear
  3937 | D:4      | Reached skill level 4 in Transmutations
  3937 | D:4      | Reached XP level 5. HP: 18/37 MP: 4/8
  4265 | D:4      | Noticed an ogre
  4271 | D:4      | Reached skill level 5 in Transmutations
  4563 | D:4      | Found a staircase to the Ecumenical Temple.
  4578 | Temple   | Entered the Ecumenical Temple
  4676 | D:4      | Found a runed translucent door.
  4679 | D:4      | Noticed Jeffwins's ghost (amateur HuWn)
  4686 | D:4      | Found a burning altar of Makhleb.
  4709 | D:4      | Gained mutation: You regenerate magic rapidly. [demonic
                  | ancestry]
  4709 | D:4      | Reached XP level 6. HP: 12/43 MP: 9/9
  4961 | D:4      | Reached skill level 6 in Transmutations
  5494 | D:4      | Found a large runed translucent door.
  5495 | D:4      | Found a large runed translucent door.
  5533 | D:4      | Found a runed translucent door.
  5961 | D:4      | Found a sparkling altar of Nemelex Xobeh.
  6001 | D:5      | Entered Level 5 of the Dungeon
  6009 | D:5      | Reached skill level 7 in Transmutations
  6009 | D:5      | Gained mutation: When hurt, damage is shared between your
                  | health and your magic reserves. [demonic ancestry]
  6009 | D:5      | Reached XP level 7. HP: 17/48 MP: 10/10
  6317 | D:5      | Noticed Prince Ribbit
  6333 | D:5      | Killed Prince Ribbit
  6465 | D:5      | Noticed Grinder
  6471 | D:5      | Paralysed by Grinder for 3 turns
  6491 | D:5      | Paralysed by Grinder for 2 turns
  6503 | D:5      | Killed Grinder
  6504 | D:5      | Reached skill level 8 in Transmutations
  6758 | D:4      | Mutation became permanent: You have a pair of small horns
                  | on your head. [demonic ancestry]
  6758 | D:4      | Gained mutation: You have a pair of horns on your head.
                  | [demonic ancestry]
  6758 | D:4      | Reached XP level 8. HP: 37/54 MP: 8/11
  6900 | D:5      | Found a broken altar of Ashenzari.
  7014 | D:5      | HP: 2/54 [white imp/puff of frost (2)]
  7443 | D:5      | Became a worshipper of Ashenzari the Shackled
  7929 | D:5      | Found a runed translucent door.
  7930 | D:5      | Noticed siradein's ghost (novice DsFi)
  8006 | D:5      | Reached skill level 9 in Transmutations
  8430 | D:6      | Found Xetivvimp's Book Boutique.
  8652 | D:6      | Identified the +3 leather armour of the Yeti {SInv}
  8687 | D:6      | Found Mentuc's Book Emporium.
  8940 | D:6      | Noticed Blork the orc
  8948 | D:6      | Killed Blork the orc
  9336 | D:6      | Found Edailiso's Magic Scroll Shop.
  9336 | D:6      | You fall into a shaft and drop 3 floors!
  9523 | D:8      | Reached skill level 10 in Transmutations
  9525 | D:8      | HP: 1/54 [orc warrior/+0 mace (12)]
  9528 | D:8      | Slain by an orc warrior

Illustrated notes

Levels and vault maps discovered:
D:1:      dpeg_arrival_tiny_g, layout_basic, serial_shops, shop, shop,
          hangedman_feature_mirror
D:2:      layout_loops_cross, basic_altar, serial_shops, shop,
          nicolae_shop_hallway_plus, shapermc_ecumenical_altar_pompeii
D:3:      layout_basic, minmay_ruptured
D:4:      layout_gridville, jmf_multi_god_temple2, makhleb_blood_cavern_becter,
          minmay_temple_entry_glass, ebering_ghost_sewer_f,
          minmay_misc_feat_square
D:5:      layout_cave_pods, lemuel_tele_altar, ebering_ghost_reflecting_pool,
          uniq_grinder, uniq_prince_ribbit1
D:6:      layout_rooms, serial_shops, nicolae_shop_statue_plus,
          nicolae_shop_competitors_out_of_business, nicolae_shop_stone,
          nicolae_stop_n_shop_1, nicolae_figureground_pulse, uniq_blork_the_orc
D:8:      layout_basic, minitemple, amethyst_overflow_temple_binary,
          nzn_wu_jian_contemplation, hangedman_feature_mirror, uniq_grum
D:9:      layout_gridville
Temple:   eino_temple_lava

Skill      XL: |  1  2  3  4  5  6  7  8 |
---------------+-------------------------+-----
Transmutations | 2 3 4 5 7 8 10 | 10.0
Unarmed Combat | 3 |  3.1
Fighting       | |  1.0
Dodging        | |  1.7
Spellcasting   | |  2.0
Earth Magic    | |  0.1

Action                   |  1- 3 |  4- 6 |  7- 9 || total
-------------------------+-------+-------+-------++-------
Melee: Unarmed           |   118 |   104 |   133 ||   355
       Kick              |    23 |    26 |    36 ||    85
       Headbutt          |     8 |    12 |    25 ||    45
       Punch             |     2 |     2 |     4 ||     8
 Cast: Beastly Appendage |    39 |    19 |    19 ||    77
       Petrify           |       |     3 |     1 ||     4
       Wereblood         |       |       |     1 ||     1
  Use: Scroll            |     6 |     3 |     6 ||    15
       Potion            |     1 |       |     9 ||    10
 Stab: Sleeping          |     2 |     1 |       ||     3
       Petrified         |       |    13 |     6 ||    19
Armor: Robe              |    36 |     3 |     7 ||    46
       Skin              |       |       |     1 ||     1
       Leather armour    |       |       |     5 ||     5
       Ring mail         |       |       |     1 ||     1
Dodge: Dodged            |    86 |    64 |    71 ||   221
Block: Other             |    35 |    13 |    32 ||    80
       Reflection        |       |       |     1 ||     1

Table legend: (Time is in decaauts)
 A = Elapsed time spent in this place.
 B = Non-inter-level travel time spent in this place.
 C = Inter-level travel time spent in this place.
 D = Time resting spent in this place.
 E = Time spent auto-exploring this place.
 F = Levels seen in this place.
 G = Mean time per level.
                   A        B        C        D        E       F      G
               +--------+--------+--------+--------+--------+-----+--------+
         Total |   9500 |   9320 |    180 |   1166 |   6770 |   9 | 1055.6 |
       Dungeon |   9426 |   9251 |    175 |   1166 |   6705 |   8 | 1178.2 |
        Temple |     74 |     69 |      5 |      0 |     65 |   1 |   74.0 |
               +--------+--------+--------+--------+--------+-----+--------+

Top non-repeatable levels by time:
     D:5: 2308 daAuts
     D:4: 1876 daAuts
     D:3: 1468 daAuts
     D:2: 1400 daAuts
     D:1: 1279 daAuts
     D:6: 902 daAuts
     D:8: 179 daAuts
  Temple: 74 daAuts
     D:9: 10 daAuts
